 Dungeon Sprint DCSS version 0.17-a0-1311-gbcbd859 (webtiles) character file.

1400000 Kidiri the Slayer (level 14, -54/152 HPs)
             Began as a Centaur Gladiator on June 8, 2015.
             Was a Follower of Makhleb.
             Annihilated by a meat berserker
             ... wielding a +9 battleaxe
              (55 damage)
             ... in the Dungeon (Sprint VIII: "Arena of Blood").
             The game lasted 00:00:34 (14 turns).

Kidiri the Slayer (Centaur Gladiator)                 Turns: 14, Time: 00:00:34

Health: -54/152    AC:  5    Str: 19    XL:     14   Next: 31%
Magic:  1/26       EV: 19    Int:  7    God:    Makhleb [*.....]
Gold:   0          SH:  0    Dex: 14    Spells: 0 memorised, 13 levels left

rFire  . . .     SeeInvis .     l - +∞ Axe of Woe
rCold  . . .     Clarity  .     b - +0 leather armour
rNeg   . . .     SustAt   .     (no shield)
rPois  .         Gourm    .     c - +0 helmet
rElec  .         Spirit   .     (no cloak)
rCorr  .         Warding  .     (no gloves)
rMut   .         NoTele   +     (no barding)
MR     +....                    (no amulet)
Stlth  +.........               (no ring)
                                (no ring)

@: very quick, somewhat resistant to hostile enchantments, very unstealthy
A: hooves 3, deformed body, speed 2, tough skin 3
a: Renounce Religion


You were in the Dungeon.
You worshipped Makhleb.
Makhleb was aware of your devotion.
You were not hungry.

You visited 1 branch

Inventory:

Hand weapons
 a - a +0 war axe
 l - the +∞ Axe of Woe (weapon)
   (You found it in the Dungeon)
Missiles
 d - 3 throwing nets (quivered)
Armour
 b - a +0 leather armour (worn)
 c - a +0 helmet (worn)
Scrolls
 k - a scroll of blinking
Potions
 f - a potion of curing
 g - a potion of heal wounds
 h - a potion of haste
 i - 2 potions of magic
 j - a potion of berserk rage
Comestibles
 e - a bread ration


   Skills:
 * Level 21.8 Fighting
 - Level 2.6 Axes
 + Level 20.2 Throwing
 * Level 17.7 Dodging
 + Level 17.4 Invocations


You had 13 spell levels left.
You didn't know any spells.

Dungeon Overview and Level Annotations

Branches:
Dungeon (1/1)

Altars:
Makhleb


Innate Abilities, Weirdness & Mutations

You have hooves in place of feet.
Armour fits poorly on your strangely shaped body.
You cover ground very quickly.
You have extremely tough skin (AC +3).


Message History

Increase (S)trength, (I)ntelligence, or (D)exterity?
You feel agile.
You feel stronger.
You have reached level 13!
You hit the meat berserker.
You butcher the meat berserker messily.
You kill the meat berserker!
Makhleb accepts your kill.
You can now gain health from killing.
Your Fighting skill gained 2 levels and is now at level 21!
Your Throwing skill gained 3 levels and is now at level 20!
Your Dodging skill gained 2 levels and is now at level 17!
Your Invocations skill gained 2 levels and is now at level 17!
You have reached level 14!
You hear a shout! x5
The meat berserker appears out of thin air!
A meat berserker comes into view. It is wielding a +9 battleaxe.
You hear a shout!
The meat berserker hits you with a +9 battleaxe!!!
* * * LOW HITPOINT WARNING * * *
You hear a shout! x9
The meat berserker hits you with a +9 battleaxe!!!
You die...

.. .. .. .. #.
.# #.. ..#
.###.. ..###.
......###.....o
......)@O....O.
....#..)..#....
. #_.O._# .
#.....#
....._.....
......###......
.###.. ..###.
#.. ..# #.. ..#


You could see 3 meat berserkers and a bag of meat.

Vanquished Creatures
  2 ogres (D)
2 creatures vanquished.

Notes
Turn   | Place    | Note
--------------------------------------------------------------
     0 | D        | Kidiri the Centaur Gladiator began the quest for the Orb.
     0 | D        | Reached XP level 1. HP: 17/17 MP: 1/1
     3 | D        | Became a worshipper of Makhleb the Destroyer
    10 | D        | Noticed a meat berserker
    12 | D        | Noticed a meat berserker
    13 | D        | Noticed a bag of meat
    13 | D        | Noticed a meat berserker
    14 | D        | Killed a meat berserker
    14 | D        | Reached skill level 19 in Fighting
    14 | D        | Reached skill level 15 in Dodging
    14 | D        | Reached skill level 15 in Invocations
    14 | D        | Reached XP level 2. HP: 19/55 MP: 1/10
    14 | D        | Reached XP level 3. HP: 21/62 MP: 1/12
    14 | D        | Reached XP level 4. HP: 23/70 MP: 1/13
    14 | D        | Reached XP level 5. HP: 25/77 MP: 1/15
    14 | D        | Reached XP level 6. HP: 27/85 MP: 1/16
    14 | D        | Reached XP level 7. HP: 29/92 MP: 1/18
    14 | D        | Reached XP level 8. HP: 31/100 MP: 1/19
    14 | D        | Reached XP level 9. HP: 33/107 MP: 1/20
    14 | D        | Reached XP level 10. HP: 35/115 MP: 1/21
    14 | D        | Reached XP level 11. HP: 37/122 MP: 1/22
    14 | D        | Reached XP level 12. HP: 39/130 MP: 1/23
    14 | D        | Reached XP level 13. HP: 41/137 MP: 1/24
    14 | D        | Killed a meat berserker
    14 | D        | Acquired Makhleb's first power
    14 | D        | Reached skill level 21 in Fighting
    14 | D        | Reached XP level 14. HP: 42/152 MP: 1/26
    14 | D        | HP: 1/152 [meat berserker/+9 battleaxe (41)]
    14 | D        | Annihilated by a meat berserker

Vault maps used:
D:        meatsprint

Action                   |  1- 3 |  4- 6 |  7- 9 | 10-12 | 13-15 || total
-------------------------+-------+-------+-------+-------+-------++-------
Melee: Executioner's axe |     1 |       |       |       |       ||     1
